 Dungeon Crawl Stone Soup version 0.31-a0-188-g5e087ee2ca (webtiles) character file.

Game seed: 12726039763761245554

34 qw the Shooter (level 3, -7/20 HPs)
             Began as a Deep Elf Hunter on June 23, 2023.
             Succumbed to their own poison gas
             ... on level 1 of the Dungeon.
             The game lasted 00:00:22 (934 turns).

qw the Shooter (Deep Elf Hunter)                     Turns: 934, Time: 00:00:23

Health: -7/20      AC:  4    Str: 10    XL:     3   Next: 14%
Magic:  5/5        EV:  6    Int: 13    God:
Gold:   35         SH:  0    Dex: 18    Spells: 2/2 levels left

rFire   . . .        Y - +0 shortbow
rCold   . . .        (shield currently unavailable)
rNeg    . . .        c - +0 leather armour
rPois   .            f - +0 helmet
rElec   .            (no cloak)
rCorr   .            (no gloves)
SInv    .            (no boots)
Will    .....        (no amulet)
Stlth   ++           (no ring)
HPRegen 0.23/turn    (no ring)
MPRegen 0.09/turn

%: no passive effects
@: lethally poisoned (-7 -> -51), weak-willed, held
A: no striking features
a: no special abilities


You were on level 1 of the Dungeon.
You visited 1 branch of the dungeon, and saw 1 of its levels.

You collected 35 gold pieces.


   Skills:
 - Level 1.5 Fighting
 + Level 6.7 Ranged Weapons
 - Level 2.4 Dodging
 - Level 1.2 Stealth


You had 2 spell levels left.
You didn't know any spells.
Your spell library was empty.

Inventory:

Hand Weapons
 Y - a +0 shortbow (weapon)
Armour
 c - a +0 leather armour (worn)
 f - a +0 helmet (worn)

Dungeon Overview and Level Annotations

Branches:
Dungeon (1/15)

Altars:


Message History

It was a scroll of poison.
Done exploring.
930 ||| READING scroll labelled LEOLAIH NAHUG.
As you read the scroll labelled LEOLAIH NAHUG, it crumbles to dust.
You assume a fearsome visage.
Nothing appears to happen.
It was a scroll of fear.
Done exploring.
931 ||| DROPPING scroll of butterflies.
You drop a scroll of butterflies.
Done exploring.
(D) Dungeon
Where to? (* - list waypoints, ? - help)
What level of the Dungeon? (default 1, ? - help) Sorry, I don't know how to get there.
Enter note:
Enter note:
Enter note:
Enter note:
Enter note:
Enter note:
Enter note:
Enter note:
Enter note:
Enter note:
Enter note:
Enter note: Really walk into that cloud of poison gas?
You are caught in the web!
You are engulfed in poison gas.
You are poisoned.
You feel very sick.
There is a web here.
933 ||| Stepping ~*~*~tactically~*~*~ (cloud).
You struggle to detach yourself from the web.
You are engulfed in poison gas.
You are lethally poisoned!
You feel extremely sick.
934 ||| Stepping ~*~*~tactically~*~*~ (cloud).
You struggle to detach yourself from the web.
You are engulfed in poison gas.
You are more poisoned.
Ouch! That really hurt!
You die...

####.#.#.#.....#
#.#.......###
#...#.#.#.#
#.#.......#
#.##############
#¤#########.....
###0¤...........##
#####
#####¤¤¤#########.....
#...####¤¤¤¤@¤¤0##
###.##
#........#¤¤¤?¤¤¤# #.#
## #...#######¤0¤¤0##
###.# .#####.####
####¤## ##.#.#
.##.......# #¤#
##.#..# .##.##.##.#
#¤# ##.###.##
.##.##.##.# ##'## #.##
##.# .##.##.##.#
##...## ##.###.##
.##.#..##.# ##.....##
##.#.##


There were no monsters in sight!

Vanquished Creatures
  A dart slug (D:1)
  2 ball pythons (D:1)
  3 bats (D:1)
  2 endoplasms (D:1)
  5 goblins (D:1)
  2 hobgoblins (D:1)
  7 jackals (D:1)
  A frilled lizard (D:1)
  3 kobolds (D:1)
  A rat (D:1)
27 creatures vanquished.

Notes
Turn   | Place    | Note
-------+----------+-------------------------------------------
     0 | D:1      | qw the Deep Elf Hunter began the quest for the Orb.
     0 | D:1      | Reached XP level 1. HP: 12/12 MP: 3/3
     0 | D:1      | 0 ||| qw: Version: 0.3-a-9-g12657ce
     0 | D:1      | 0 ||| qw: Game counter: 3415
     0 | D:1      | 0 ||| qw: Always use a shield: true
     0 | D:1      | 0 ||| qw: God list: Okawaru
     0 | D:1      | 0 ||| qw: Allow faded altars: false
     0 | D:1      | 0 ||| qw: Do Orc after D:15 true
     0 | D:1      | 0 ||| qw: Do second Lair branch before Depths: true
     0 | D:1      | 0 ||| qw: Lair rune preference: random
     0 | D:1      | 0 ||| qw: Plans: Normal
     0 | D:1      | 0 ||| PLANNING D:1-11
    80 | D:1      | HP: 3/12 [kobold/+0 short sword (4)]
    86 | D:1      | 86 ||| FLEEEEING.
    87 | D:1      | 87 ||| FLEEEEING.
    88 | D:1      | 88 ||| FLEEEEING.
   146 | D:1      | Reached XP level 2. HP: 16/16 MP: 4/4
   177 | D:1      | Reached skill level 6 in Ranged Weapons
   421 | D:1      | Found a faded altar of an unknown god.
   614 | D:1      | Reached XP level 3. HP: 20/20 MP: 5/5
   918 | D:1      | 918 ||| UPGRADING to +0 helmet.
   923 | D:1      | 923 ||| READING scroll labelled EMOLARPHECW.
   924 | D:1      | 924 ||| READING scroll labelled TAMAPS HEUN.
   929 | D:1      | 929 ||| READING scroll labelled MYAG QEEMNITIU.
   930 | D:1      | 930 ||| READING scroll labelled LEOLAIH NAHUG.
   931 | D:1      | 931 ||| DROPPING scroll of butterflies.
   933 | D:1      | 933 ||| Stepping ~*~*~tactically~*~*~ (cloud).
   934 | D:1      | 934 ||| Stepping ~*~*~tactically~*~*~ (cloud).
   934 | D:1      | HP: 3/20 [cloud of poison gas (3)]
   934 | D:1      | Succumbed to their own poison gas

Levels and vault maps discovered:
D:1:      mushboom_english_gardens, layout_loops_corners,
          ebering_ecumenical_altar_webs, minmay_misc_feat_square,
          minmay_small_reverse_x

Skill      XL: |  1  2 |
---------------+-------+-----
Ranged Weapons | 6 |  6.7
Fighting       | |  1.5
Dodging        | |  2.4
Stealth        | |  1.2

Action                     || total
---------------------------++-------
   Fire: Shortbow          ||    90
    Use: Scroll            ||     4
 Armour: Leather armour    ||    23
  Dodge: Dodged            ||    37

Table legend:
 A = Non-vault XP
 B = Vault XP
 C = Vault XP percentage of total XP
 D = Non-vault monster count
 E = Vault monster count
 F = Vault count percentage of total count
                 A         B        C        D         E       F
            +---------+---------+-------+---------+---------+-------
      Total |      44 |       5 |  10.2 |      23 |       4 |  14.8
            +---------+---------+-------+---------+---------+-------
        D:1 |      44 |       5 |  10.2 |      23 |       4 |  14.8
            +---------+---------+-------+---------+---------+-------
